 Dungeon Crawl Stone Soup version 0.31.0-11-ge490571c62 (webtiles) character file.

Game seed: 7132021528481727182

68 Flugkiller the Chiller (level 4, -1/21 HPs)
             Began as a Vine Stalker Ice Elementalist on Feb 2, 2024.
             Slain by Grinder (9 damage)
             ... on level 3 of the Dungeon.
             The game lasted 00:03:05 (634 turns).

Flugkiller the Chiller (VSIE)                        Turns: 634, Time: 00:03:06

Health: -1/21      AC:  4    Str: 11    XL:     4   Next: 19%
Magic:  0/8        EV: 12    Int: 17    God:
Gold:   64         SH:  0    Dex: 14    Spells: 2/9 levels left

rFire   + . .        d - +0 dagger
rCold   x . .        (no shield)
rNeg    . . .        a - +0 robe
rPois   .            (no helmet)
rElec   +            j - +1 cloak
rCorr   .            (no gloves)
SInv    .            (no boots)
Will    +....        (no amulet)
Stlth   ++           p - ring of protection from fire
HPRegen 1.03/turn    (no ring)
MPRegen 0.11/turn

%: guardian spirit
@: brilliant, freezing walls, enlightened, flying
A: fangs 2, regeneration 1, magic shield, antimagic bite, no potion heal 2, low
MP 2, electricity resistance, cold vulnerability 1
a: no special abilities


You were on level 3 of the Dungeon.
You visited 1 branch of the dungeon, and saw 4 of its levels.

You collected 64 gold pieces.

Inventory:

Hand Weapons
 d - a +0 dagger (weapon)
   (You took it off a goblin on level 1 of the Dungeon)
Missiles
 e - 2 silver javelins
Armour
 a - a +0 robe (worn)
 i - a +0 cloak
   (You found it on level 2 of the Dungeon)
 j - a +1 cloak (worn)
   (You found it on level 2 of the Dungeon)
Jewellery
 p - a ring of protection from fire (left hand)
   (You found it on level 2 of the Dungeon)
Scrolls
 c - 2 scrolls of amnesia
Potions
 b - a potion of magic
 l - a potion of enlightenment
 q - 2 potions of curing


   Skills:
 - Level 1.5 Dodging
 - Level 2.4 Stealth
 + Level 3.4 Spellcasting
 + Level 4.8 Ice Magic


You had 2 spell levels left.
You knew the following spells:

 Your Spells              Type           Power      Damage    Failure   Level
a - Freeze                Ice            100%       1d10      2%          1
b - Frozen Ramparts       Ice            58%        1d9       7%          3
c - Summon Ice Beast      Ice/Summ       16%        N/A       19%         3

Your spell library contained the following spells:

 Spells                   Type           Power      Damage    Failure   Level
 Ozocubu's Armour         Ice            29%        N/A       7%          3


Dungeon Overview and Level Annotations

Branches:
Dungeon (4/15) Zot: 23364
 Temple: D:4-7

Altars:

Shops:
D:1 :

Annotations:
D:3 exclusion: downstairs, Grinder
D:4 Menkaure


Innate Abilities, Weirdness & Mutations

You have extremely sharp teeth.
Your natural rate of healing is unusually fast.
When hurt, damage is shared between your health and your magic reserves.
Your bite disrupts and absorbs the magic of your enemies.
Potions cannot restore your health.
Your magical capacity is very low. (-20% MP)
You are resistant to electric shocks. (rElec)
You are vulnerable to cold. (rC-)


Message History

You kill the adder!
You see here 2 silver javelins.
e - 2 silver javelins A quokka comes into view.
Casting: Freeze (safe; 2% risk of failure)
Confirm with . or Enter, or press ? or * to list all spells.
Aiming: Freeze (safe; 2% risk of failure)
Press: ? - help, Shift-Dir - straight line, f - quokka
Aim: a quokka You freeze the quokka.
The quokka is almost dead.
The quokka bites you but does no damage.
An orc wizard comes into view. It is wielding a +0 dagger.
The quokka bites you. The quokka bites you.
The quokka attacks as it pursues you! The quokka barely misses you.
You closely miss the quokka.
The quokka is severely wounded.
The quokka barely misses you.
You closely miss the quokka. You bite the quokka.
You kill the quokka!
Found a dark potion.
The orc wizard shouts!
You hear a shout! x2
Grinder and an orc come into view.
Found a pink potion and a scroll labelled ZALY QEQIUXETI.
A giant cockroach comes into view.
It was a potion of enlightenment.
You feel very buoyant.
You fly up into the air.
Okay, then.
Unknown command.
Casting: Freeze (safe; 2% risk of failure)
Confirm with . or Enter, or press ? or * to list all spells.
The walls around you are covered in ice.
An orc comes into view. It is wielding a +0 short sword.
The orc shouts!
You hear a shout!
The wall freezes the orc wizard.
You hit the orc wizard. Your bite misses the orc wizard.
The orc wizard is lightly wounded.
The wall freezes the orc wizard.
The orc wizard barely misses you.
You closely miss the orc wizard. Your bite misses the orc wizard.
The orc wizard is heavily wounded.
The wall freezes the giant cockroach.
The wall freezes the orc wizard.
The orc wizard misses you.
The wall freezes the orc.
You closely miss the orc wizard.
The orc wizard is severely wounded.
The wall freezes Grinder but does no damage.
Grinder blinks!
The wall freezes the orc wizard but does no damage.
The orc wizard completely misses you.
The wall freezes the orc!
You kill the orc!
Unknown command.
You hit the orc wizard. Your bite misses the orc wizard.
The orc wizard is almost dead.
An orc comes into view. It is wielding a +0 trident.
The wall freezes the orc wizard.
You kill the orc wizard!
The wall freezes the giant cockroach.
You have reached level 4!
You feel stronger.
You closely miss the giant cockroach.
The giant cockroach is severely wounded.
The frozen ramparts melt away.
The giant cockroach barely misses you.
Unknown command.
You hit the giant cockroach but do no damage.
You bite the giant cockroach.
You kill the giant cockroach!
The orc hits you from afar with a +0 trident.
Casting: Frozen Ramparts (quite dangerous; 7% risk of failure)
Confirm with . or Enter, or press ? or * to list all spells.
The walls around you are covered in ice.
Grinder completely resists.
The wall freezes Grinder but does no damage.
The wall freezes the orc.
The orc closely misses you.
Unknown command.
It was a potion of mutation.
You feel extremely strange.
You feel less energetic.
You feel vulnerable to cold.
You feel less energetic.
You feel insulated.
Grinder completely resists.
The wall freezes Grinder but does no damage.
The wall freezes the orc but does no damage.
The orc barely misses you.
It was a potion of brilliance.
You feel clever all of a sudden.
Grinder resists.
The wall freezes Grinder.
Grinder says, "DUCK!"
Grinder hits you.
You writhe in agony.
The wall freezes the orc.
The orc hits you from afar with a +0 trident.
Casting: Frozen Ramparts (quite dangerous; 7% risk of failure)
Confirm with . or Enter, or press ? or * to list all spells.
Aiming: Freeze (safe; 2% risk of failure)
Press: ? - help, Shift-Dir - straight line, f - Grinder
Aim: Grinder (lightly wounded)
You feel a surge of power!
You freeze Grinder but do no damage.
Grinder completely resists.
The wall freezes the orc but does no damage.
The orc barely misses you.
Grinder resists.
The wall freezes Grinder.
Grinder hits you!
You die...
Grinder says, "Now the real fun starts!"

##........#.# .
##.......##.# ..?...
##.......##.# ..... .
##).........# .... ..
..>....##†### ... ...
...#####..# ..#.... ...#
#.## ### .......
...#####.# ##.####.......
.........####..5@))..#
...#..........####o..#
...#.........####......!.
...#..............#.##....
#######.............. ..!
.....#######..#..5. ..
..##### ......##. .
..B...o. #. o..


You could see Grinder and an orc.

Vanquished Creatures
  An orc wizard (D:3)
  2 adders
  A dart slug (D:3)
  An orc (D:3)
  2 endoplasms
  A giant cockroach (D:3)
  A goblin (D:1)
  3 hobgoblins
  A kobold (D:3)
  2 quokkas (D:3)
  A ball python (D:1)
  4 bats
  2 frilled lizards
  A rat (D:2)
23 creatures vanquished.

Notes
Turn   | Place    | Note
-------+----------+-------------------------------------------
     0 | D:1      | Flugkiller the Vine Stalker Ice Elementalist began the
                  | quest for the Orb.
     0 | D:1      | Reached XP level 1. HP: 9/9 MP: 4/4
   143 | D:2      | Reached XP level 2. HP: 13/13 MP: 1/6
   244 | D:1      | Found Gofu's Book Emporium.
   503 | D:3      | Reached XP level 3. HP: 14/16 MP: 5/8
   529 | D:4      | Learned a level 3 spell: Frozen Ramparts
   535 | D:4      | Noticed Menkaure
   552 | D:3      | Learned a level 3 spell: Summon Ice Beast
   619 | D:3      | Noticed Grinder
   629 | D:3      | Reached XP level 4. HP: 21/21 MP: 3/10
   632 | D:3      | Gained mutation: Your magical capacity is low. (-10% MP)
                  | [potion of mutation]
   632 | D:3      | Gained mutation: You are vulnerable to cold. (rC-) [potion
                  | of mutation]
   632 | D:3      | Gained mutation: Your magical capacity is very low. (-20%
                  | MP) [potion of mutation]
   632 | D:3      | Gained mutation: You are resistant to electric shocks.
                  | (rElec) [potion of mutation]
   634 | D:3      | Slain by Grinder

Illustrated notes

Levels and vault maps discovered:
D:1:      orjb1_lava_funnel, layout_basic,
          hellmonk_ecumenical_altar_leap_of_faith, serial_shops, shop, shop,
          shop, shop, shop
D:2:      layout_basic, minmay_pentomino_v2, uniq_sigmund
D:3:      layout_rooms, uniq_ijyb, uniq_jessica, uniq_grinder
D:4:      layout_basic, elyvilon_altar_1, uniq_menkaure

Skill      XL: |  1  2 |
---------------+-------+-----
Spellcasting   | 3 |  3.4
Dodging        | |  1.5
Stealth        | |  2.4
Ice Magic      | |  4.8

Action                     |  1- 3 |  4- 6 || total
---------------------------+-------+-------++-------
  Melee: Dagger            |    19 |     2 ||    21
         Bite              |     5 |     1 ||     6
   Cast: Freeze            |    22 |     1 ||    23
         Frozen Ramparts   |     1 |     1 ||     2
         Summon Ice Beast  |     1 |       ||     1
    Use: Scroll            |     5 |       ||     5
         Potion            |     1 |     2 ||     3
 Armour: Robe              |    16 |     4 ||    20
  Dodge: Dodged            |    29 |     4 ||    33
